 Dungeon Crawl Stone Soup version 0.18.1-5-g4a78601 (webtiles) character file.

152739 Scarto the Fighter (level 17, -3/138 HPs)
             Began as a Demonspawn Fighter on May 11, 2016.
             Was a High Priest of Qazlal.
             Shot with an arrow by a satyr (7 damage)
             ... on level 3 of the Shoals.
             The game lasted 01:26:37 (28392 turns).

Scarto the Fighter (Demonspawn Fighter)            Turns: 28392, Time: 01:26:38

Health: -3/138     AC: 43    Str: 23      XL:     17   Next: 3%
Magic:  0/26       EV:  2    Int:  8 (9)  God:    Qazlal [*****.]
Gold:   463        SH: 43    Dex: 20      Spells: 0 memorised, 16 levels left

rFire  + . .     SeeInvis +     z - +9 flail (protect)
rCold  + . .     Gourm    .     R - +7 plate armour of Hedge Wizardry {rN+}
rNeg   + + .     Faith    .     L - +18 shield of the gong {rElec rN+ MR+ EV-5}
rPois  +         Spirit   +     T - +2 hat {SInv}
rElec  +         Dismiss  .     G - +0 cloak
rCorr  .         Reflect  +     (gloves unavailable)
SustAt .         Harm     .     V - +2 pair of boots
MR     ++...     Rnd*Rage +     B - +3 amulet of reflection
Stlth  ..........               n - +6 ring of dexterity
                                t - ring of poison resistance

@: protected from physical damage, glowing, studying Shields, repel missiles,
very resistant to hostile enchantments, extremely unstealthy
A: claws 3, talons 1, iridescent scales 2, camouflage 1, berserk 1, cold
resistance 1, deterioration 1, fire resistance 1, spiny 1, magic shield, magic
regeneration, magic link
a: Upheaval, Elemental Force, Disaster Area, Renounce Religion


You were on level 3 of the Shoals.
You worshipped Qazlal.
Qazlal was extremely pleased with you.
You were very full.

You visited 4 branches of the dungeon, and saw 28 of its levels.
You also visited: Ossuary and Ice Cave.

You collected 3517 gold pieces.
You spent 3054 gold pieces at shops.

Inventory:

Hand Weapons
 i - a +0 broad axe
 z - a +9 flail of protection (weapon)
 F - a +1 arbalest of flaming
Missiles
 l - 26 tomahawks (quivered)
 P - 14 bolts
Armour
 G - a +0 cloak (worn)
 L - the +18 shield of the gong (worn) {rElec rN+ MR+ EV-5}
   (You bought it in a shop on level 2 of the Orcish Mines)

   It affects your evasion (-5).
   It insulates you from electricity.
   It protects you from negative energy.
   It affects your resistance to hostile enchantments.
 R - the +7 plate armour of Hedge Wizardry (worn) {rN+}
   (You found it on level 1 of the Lair of Beasts)

   It protects you from negative energy.
 T - a +2 hat of see invisible (worn)
 V - a +2 pair of boots (worn)
Jewellery
 n - a +6 ring of dexterity (right claw)
 t - a ring of poison resistance (left claw)
 B - a +3 amulet of reflection (around neck)
 D - an uncursed ring of sustain attributes
 K - a cursed ring of teleportation {unknown}
 X - an uncursed ring of positive energy
Wands
 e - a wand of lightning (7/15)
 q - a wand of iceblast (5/15)
 Q - a wand of disintegration (8/24)
 S - a wand of polymorph (7/24)
 Z - a wand of confusion (17/48)
Scrolls
 j - 9 scrolls of magic mapping
 k - 4 scrolls of fog
 r - 3 scrolls of amnesia
 v - 6 scrolls of teleportation
 x - 2 scrolls of recharging
 y - 12 scrolls of remove curse
 E - 8 scrolls of identify
 O - 4 scrolls of fear
 U - a scroll of silence
 W - 2 scrolls of torment
Potions
 c - 3 potions of lignification
 d - 8 potions of might
 g - 4 potions of flight
 h - 2 potions of haste
 o - 4 potions of magic
 s - 8 potions of curing
 A - 4 potions of brilliance
 H - a potion of invisibility
 I - 5 potions of agility
 J - 3 potions of cancellation
 M - 4 potions of resistance {unknown}
 N - 2 potions of cure mutation
 Y - a potion of berserk rage
Books
 p - a manual of Shields
Miscellaneous
 a - a lamp of fire
Comestibles
 b - 19 beef jerkies
 m - 2 royal jellies
 u - 14 meat rations
 w - 29 fruits
 C - 14 slices of pizza


   Skills:
 + Level 13.7 Fighting
 + Level 12.3(13.9) Axes
 + Level 11.4(13.5) Maces & Flails
 + Level 12.7 Armour
 + Level 13.6 Shields
 + Level 13.3 Invocations


You had 16 spell levels left.
You didn't know any spells.

Dungeon Overview and Level Annotations

Branches:
Dungeon (15/15)            Temple (0/1) D:5            Lair (8/8) D:11
 Shoals (3/4) Lair:5       Spider (0/4) Lair:6        Slime (0/6) Lair:8
    Orc (2/2) D:12            Elf (0/3) Orc:2        Vaults (0/5) D:14
 Depths (0/5) D:15

Altars:
Cheibriados
Dithmenos
Elyvilon
Gozag
Kikubaaqudgha
Nemelex Xobeh
Okawaru
Pakellas
Qazlal
Ru
Trog
Vehumet
Xom
Zin
Beogh
Jiyva

Shops:
D:8 !   D:9 *   Orc:2 }}[?%

Annotations:
Shoals:3 Aizul


Innate Abilities, Weirdness & Mutations

You have claws for hands.
You are mostly covered in iridescent scales (AC +6).
Your flesh is heat resistant.
You are partially covered in sharp spines.
When hurt, damage is shared between your health and your magic reserves.
You regenerate magic rapidly.
When low on magic, you restore magic in place of health.
You have sharp toenails.
Your skin changes colour to match your surroundings (Stealth).
You tend to lose your temper in combat.
Your flesh is cold resistant.
Your body sometimes deteriorates upon taking damage.


Message History

The satyr shoots an arrow.
BONNNG!
You reflect the arrow off an invisible shield around you!
The arrow hits the satyr!
You hear a splash.
The faun shoots a sling bullet.
The sling bullet hits you but does no damage.
You hear a bellow!
You hit the water nymph but do no damage.
You block the water nymph's attack.
PTOANNNG!
The faun casts a spell at you. You resist with almost no effort.
Aizul says, "Fancy a snooze?"
You hear a shout!
You bludgeon the water nymph!!
The water nymph is heavily wounded.
Your protection from physical attacks is fading.
The satyr shoots an arrow.
The arrow hits you!
You die...

≈≈≈≈≈≈≈≈≈≈≈≈≈≈≈
≈≈≈≈≈≈Sc)cc≈≈≈≈
≈≈≈≈≈≈≈≈≈≈≈≈≈≈≈≈≈≈≈
≈≈≈≈≈≈≈≈≈≈≈≈≈≈≈≈≈≈≈
≈≈≈≈≈≈≈≈≈≈≈≈≈≈≈≈≈≈≈≈
≈≈≈≈≈≈≈≈≈≈≈≈≈≈≈≈≈≈≈≈
≈≈≈≈≈§≈≈§.≈≈≈≈≈≈≈≈≈≈
≈≈≈≈≈§≈(# #≈≈≈≈≈≈≈≈≈
≈≈≈≈≈≈≈@###≈≈≈≈≈≈≈≈≈
≈≈≈≈≈§≈Em##≈≈≈≈≈≈≈≈≈
≈≈≈≈≈.§.§E.≈†≈≈≈≈≈≈≈
≈≈≈≈....≈>≈≈≈≈≈≈≈≈≈≈
≈≈≈≈≈.≈≈≈≈≈≈≈≈≈≈≈≈≈≈
≈≈≈≈≈≈≈≈≈≈≈≈≈≈≈≈≈≈≈≈
≈≈≈≈≈≈≈≈≈≈≈≈≈≈≈≈≈≈≈≈
≈≈≈≈≈≈≈≈≈≈≈≈≈≈≈≈≈≈≈≈
≈≈≈≈≈≈≈≈≈≈≈≈≈≈≈≈≈≈≈


You could see Aizul, a satyr, 2 fauns, a water nymph and 2 friendly earth
elementals.

Vanquished Creatures
  Saint Roka (Orc:2)
  Rupert (Lair:7)
  Frances (D:13)
  A kraken (Shoals:2)
  Gastronok (Lair:2)
  Kirke (Lair:8)
  Maud (Lair:3)
  A frost giant (IceCv)
  The ghost of pedritolo the Grappler, a journeyman MiAs of Okawaru (D:15)
  Azrael (D:14)
  2 ettins
  Erolcha (Orc:2)
  An ogre mage (D:14)
  Fannar (Lair:1)
  A merfolk impaler (Shoals:2)
  A catoblepas (shapeshifter) (D:14)
  An ice dragon (shapeshifter) (D:15)
  2 catoblepae
  8 hydras
  A merfolk avatar (Shoals:3)
  2 centaur warriors
  A tengu warrior (D:8)
  3 death yaks (Lair:4)
  An orc high priest (Orc:1)
  Nergalle (Lair:3)
  8 sea snakes
  A lindwurm (Lair:4)
  Pikel (D:6)
  4 orc knights
  8 hill giants
  8 ugly things
  3 harpies (Shoals:1)
  3 fauns (Shoals:2)
  9 orc sorcerers (Orc:2)
  6 griffons
  3 cyclopes
  2 wolf spiders
  6 deep elf magi
  2 hornets (Lair:8)
  A moth of wrath (shapeshifter) (D:15)
  4 manticores
  A guardian serpent (Lair:8)
  8 elephants
  5 water nymphs
  2 sirens (Shoals:2)
  An ice statue (IceCv)
  7 black mambas
  2 torpor snails
  6 centaur skeletons
  27 spiny frogs
  4 rime drakes
  A gargoyle (D:15)
  7 komodo dragons
  2 kobold demonologists (D:11)
  9 trolls
  5 merfolk
  A tengu conjurer (D:12)
  20 polar bears
  A two-headed ogre (shapeshifter) (D:15)
  Prince Ribbit (D:6)
  3 wind drakes
  7 slime creatures
  4 two-headed ogres
  27 blink frogs
  Grinder (D:6)
  2 snapping turtles (Shoals:1)
  4 raiju (Lair:8)
  3 shadows
  Sigmund (D:3)
  5 wyverns
  2 wraiths
  79 yaks
  2 basilisks
  2 hungry ghosts
  4 fire elementals (D:14)
  A hog (Lair:8)
  4 water elementals
  14 hippogriffs
  10 vampire mosquitoes
  2 steam dragons
  Edmund (D:5)
  2 mottled dragons
  12 wargs
  Menkaure (D:6)
  12 porcupines
  A porcupine (shapeshifter) (D:15)
  24 orc warriors
  5 hell hounds
  3 slaves (D:6)
  27 water moccasins
  14 black bears
  4 ice beasts
  3 sky beasts
  2 wasps
  2 phantoms
  A necrophage (D:8)
  13 ogres
  5 boggarts (D:15)
  33 wolves
  22 crocodiles
  7 centaurs
  Blork the orc (D:5)
  8 big kobolds
  21 giant frogs
  5 scorpions
  A wyvern skeleton (D:8)
  4 killer bees
  A wight (D:8)
  2 howler monkeys
  5 electric eels
  6 crimson imps
  2 giant frog zombies
  13 centaur zombies
  A quasit (D:4)
  20 hounds
  10 jellies
  Crazy Yiuf (D:5)
  10 iguanas
  19 orc priests
  29 orc wizards
  Ijyb (D:2)
  4 giant frog skeletons
  7 hell rats (Lair:8)
  16 worker ants
  18 sheep
  3 big kobold zombies (Ossuary)
  3 hound skeletons
  A hound zombie (D:11)
  5 mummies
  A worker ant zombie (D:5)
  4 gnolls (D:8)
  18 adders
  49 river rats
  9 shadow imps
  11 white imps (Orc:1)
  A worm zombie (D:4)
  4 adder skeletons
  2 worms (D:2)
  3 dart slugs
  4 giant geckos
  77 orcs
  4 giant cockroaches
  3 goblins
  9 hobgoblins
  12 jackals
  3 quokkas
  4 ball pythons
  8 bats
  A giant gecko skeleton (D:8)
  2 giant gecko zombies
  2 giant newts
  3 hobgoblin zombies (Ossuary)
  17 kobolds
  2 quokka skeletons
  27 rats
  4 bushes
  91 fungi
  76 plants
  4 tentacles (Shoals:2)
1259 creatures vanquished.

Vanquished Creatures (collateral kills)
  A sphinx (D:15)
  A storm dragon (D:15)
  The ghost of mopl the Unseen, a journeyman HEEn of Dithmenos (Lair:5)
  A harpy (Shoals:1)
  A wolf spider (Lair:8)
  A griffon (Lair:8)
  2 manticores
  A siren (Shoals:3)
  A black mamba (Lair:8)
  5 merfolk
  A snapping turtle (Shoals:1)
  A blink frog (Lair:8)
  2 yaks (Lair:8)
  2 hogs (Lair:8)
  A water moccasin (Lair:8)
  A wasp (Lair:8)
  2 adders (Lair:8)
  A white imp (Orc:1)
  An orc (Orc:1)
  3 plants (Lair:8)
30 creatures vanquished.

Vanquished Creatures (others)
  A satyr (Shoals:2)
  An orc knight (D:14)
  A faun (Shoals:3)
  3 orc sorcerers (Orc:2)
  A deep elf archer (D:14)
  An orc warrior (Orc:1)
  A wolf (IceCv)
  8 centaurs
  2 orc wizards
  2 orcs
  55 fungi
  62 plants
  9 tentacles (Shoals:2)
  307 tentacle segments (Shoals:2)
454 creatures vanquished.

Grand Total: 1743 creatures vanquished

Notes
Turn   | Place    | Note
--------------------------------------------------------------
     0 | D:1      | Scarto the Demonspawn Fighter began the quest for the Orb.
     0 | D:1      | Reached XP level 1. HP: 18/18 MP: 1/1
   315 | D:1      | Gained mutation: When hurt, damage is shared between your health and your magic reserves. [demonic ancestry]
   315 | D:1      | Reached XP level 2. HP: 24/24 MP: 2/2
   728 | D:2      | Gained mutation: You are partially covered in sharp spines. [demonic ancestry]
   728 | D:2      | Reached XP level 3. HP: 29/29 MP: 3/3
   782 | D:2      | Noticed Ijyb
   793 | D:2      | Killed Ijyb
   793 | D:2      | Reached XP level 4. HP: 31/35 MP: 4/4
  1148 | D:2      | Found a glowing silver altar of Zin.
  1148 | D:2      | Found a radiant altar of Vehumet.
  1149 | D:2      | Found a shimmering altar of Xom.
  1563 | D:3      | Noticed a giant frog
  1565 | D:3      | Killed a giant frog
  1565 | D:3      | Gained mutation: You have sharp fingernails. [demonic ancestry]
  1565 | D:3      | Reached XP level 5. HP: 42/42 MP: 5/5
  1881 | D:3      | Noticed Sigmund
  1894 | D:3      | Killed Sigmund
  1894 | D:3      | Gained mutation: You regenerate magic rapidly. [demonic ancestry]
  1894 | D:3      | Reached XP level 6. HP: 27/48 MP: 3/6
  2016 | D:3      | Found a glowing drain.
  2120 | D:4      | Found a white marble altar of Elyvilon.
  2152 | D:4      | Found a bloodstained altar of Trog.
  2332 | D:4      | Found a sand-covered staircase.
  2349 | Ossuary  | Entered an ossuary
  2775 | Ossuary  | Gained mutation: When low on magic, you restore magic in place of health. [demonic ancestry]
  2775 | Ossuary  | Reached XP level 7. HP: 55/55 MP: 7/7
  2888 | Ossuary  | Reached skill level 5 in Fighting
  3529 | D:4      | Reached skill level 5 in Armour
  3537 | D:4      | Gained mutation: You have very sharp fingernails. [demonic ancestry]
  3537 | D:4      | Reached XP level 8. HP: 60/62 MP: 8/8
  3659 | D:5      | Entered Level 5 of the Dungeon
  3662 | D:5      | Reached skill level 5 in Shields
  3667 | D:5      | Found a sacrificial altar of Ru.
  3680 | D:5      | Found an opulent altar of Gozag.
  3711 | D:5      | Noticed Blork the orc
  3713 | D:5      | Found a staircase to the Ecumenical Temple.
  3718 | D:5      | Killed Blork the orc
  3719 | D:5      | Noticed Edmund
  3737 | D:5      | Killed Edmund
  3737 | D:5      | Reached skill level 5 in Axes
  3776 | D:5      | Found a stormy altar of Qazlal.
  3779 | D:5      | Noticed an air elemental
  3786 | D:5      | Became a worshipper of Qazlal Stormbringer
  3876 | D:5      | Reached skill level 1 in Maces & Flails
  3945 | D:5      | Found a snail-covered altar of Cheibriados.
  4533 | D:5      | Noticed Crazy Yiuf
  4536 | D:5      | Killed Crazy Yiuf
  4567 | D:6      | Noticed Menkaure
  4573 | D:6      | Killed Menkaure
  5046 | D:6      | Found an oddly glowing altar of Pakellas.
  5067 | D:6      | Reached XP level 9. HP: 67/70 MP: 7/9
  5198 | D:6      | Reached * piety under Qazlal
  5379 | D:6      | Noticed Pikel
  5395 | D:6      | Killed Pikel
  5404 | D:6      | Noticed Prince Ribbit
  5413 | D:6      | Noticed Grinder
  5428 | D:6      | Killed Grinder
  5524 | D:6      | Killed Prince Ribbit
  5946 | D:7      | Noticed a troll
  5969 | D:7      | Killed a troll
  6399 | D:7      | Found a sparkling altar of Nemelex Xobeh.
  6694 | D:8      | Reached XP level 10. HP: 79/79 MP: 10/10
  6808 | D:8      | Noticed a tengu warrior
  6827 | D:8      | Killed a tengu warrior
  6864 | D:8      | Reached ** piety under Qazlal
  7025 | D:8      | Found Xeisorghu's Distillery.
  7052 | D:8      | Bought a potion of mutation for 35 gold pieces
  7052 | D:8      | Bought a potion of beneficial mutation for 490 gold pieces
  7052 | D:8      | Gained mutation: You have sharp toenails. [potion of mutation]
  7052 | D:8      | Gained mutation: You have a pair of small horns on your head. [potion of mutation]
  7052 | D:8      | Gained mutation: You are robust (+10% HP). [potion of mutation]
  7053 | D:8      | Gained mutation: You are partially covered in iridescent scales (AC +4). [potion of beneficial mutation]
  7239 | D:8      | Found an iron altar of Okawaru.
  7771 | D:9      | Reached skill level 5 in Maces & Flails
  7808 | D:9      | Got a scorched whip
  8359 | D:9      | Found Xousiw's Assorted Antiques.
  8420 | D:9      | Found a shadowy altar of Dithmenos.
  8569 | D:10     | Entered Level 10 of the Dungeon
  8580 | D:10     | Reached *** piety under Qazlal
  8590 | D:10     | Noticed a green ugly thing
  8600 | D:10     | Killed a green ugly thing
  8600 | D:10     | Reached XP level 11. HP: 95/95 MP: 11/11
  9143 | D:10     | Noticed a three-headed hydra
  9151 | D:10     | Killed a three-headed hydra
  9360 | D:11     | Reached **** piety under Qazlal
  9374 | D:11     | Found a staircase to the Lair.
  9532 | D:11     | Noticed a hill giant
  9541 | D:11     | Killed a hill giant
  9746 | D:11     | Noticed a hill giant
  9753 | D:11     | Killed a hill giant
  9753 | D:11     | Reached skill level 1 in Invocations
 10200 | D:12     | Noticed a red ugly thing
 10213 | D:12     | Killed a red ugly thing
 10391 | D:12     | Found a staircase to the Orcish Mines.
 10874 | D:12     | Noticed a wolf spider
 10883 | D:12     | Killed a wolf spider
 10883 | D:12     | Gained mutation: You are mostly covered in iridescent scales (AC +6). [demonic ancestry]
 10883 | D:12     | Reached XP level 12. HP: 83/105 MP: 11/14
 11047 | D:13     | Noticed Frances
 11056 | D:13     | Killed Frances
 11226 | D:13     | Noticed an ettin
 11227 | D:13     | Reached ***** piety under Qazlal
 11236 | D:13     | Killed an ettin
 11250 | D:13     | Reached skill level 5 in Invocations
 11539 | D:13     | Reached skill level 10 in Fighting
 11628 | D:13     | Noticed a catoblepas
 11652 | D:13     | Killed a catoblepas
 12235 | D:14     | Gained mutation: You have claws for hands. [demonic ancestry]
 12235 | D:14     | Reached XP level 13. HP: 95/114 MP: 14/18
 12544 | D:14     | Noticed Azrael
 12581 | D:14     | Killed Azrael
 12930 | D:14     | Reached skill level 10 in Shields
 13026 | D:14     | Noticed a dire elephant
 13035 | D:14     | Noticed a quicksilver dragon
 13035 | D:14     | a dire elephant changed into a quicksilver dragon
 13038 | D:14     | Noticed a shadow dragon
 13038 | D:14     | a quicksilver dragon changed into a shadow dragon
 13489 | D:14     | Found a gate to the Vaults.
 13613 | D:14     | Gained mutation: Your flesh is cold resistant. [mutagenic meat]
 13614 | D:14     | Lost mutation: You are robust (+10% HP). [mutagenic meat]
 13615 | D:14     | Gained mutation: You tend to lose your temper in combat. [mutagenic meat]
 13616 | D:14     | Gained mutation: You are clumsy. (Dex -2) [mutagenic meat]
 13775 | D:15     | Entered Level 15 of the Dungeon
 13779 | D:15     | Reached skill level 10 in Armour
 13793 | D:15     | Noticed pedritolo's ghost (journeyman MiAs)
 13814 | D:15     | Killed pedritolo's ghost
 13814 | D:15     | Reached skill level 10 in Axes
 14505 | D:15     | Noticed a storm dragon
 14521 | D:15     | Killed a storm dragon
 14715 | D:15     | Reached XP level 14. HP: 105/113 MP: 20/20
 14723 | D:15     | Noticed a sphinx
 14727 | D:15     | Paralysed by a sphinx for 4 turns
 14732 | D:15     | Killed a sphinx
 15092 | D:15     | Gained mutation: Scrolls take you a little longer to read. [mutagenic meat]
 15093 | D:15     | Gained mutation: Scrolls take you longer to read. [mutagenic meat]
 15100 | D:15     | Gained mutation: You occasionally shout uncontrollably at your foes. [mutagenic meat]
 15101 | D:15     | Lost mutation: You have a pair of small horns on your head. [mutagenic meat]
 15103 | D:15     | Lost mutation: You tend to lose your temper in combat. [potion of cure mutation]
 15103 | D:15     | Lost mutation: Scrolls take you longer to read. [potion of cure mutation]
 15103 | D:15     | Lost mutation: You are clumsy. (Dex -2) [potion of cure mutation]
 15103 | D:15     | Lost mutation: You are mostly covered in iridescent scales (AC +6). [potion of cure mutation]
 15103 | D:15     | Lost mutation: You occasionally shout uncontrollably at your foes. [potion of cure mutation]
 15103 | D:15     | Lost mutation: Scrolls take you a little longer to read. [potion of cure mutation]
 15142 | D:15     | Found a staircase to the Depths.
 15320 | Lair:1   | Entered Level 1 of the Lair of Beasts
 15454 | Lair:1   | Got a shimmering plate armour
 15465 | Lair:1   | Identified the +7 plate armour of Hedge Wizardry {rN+} (You found it on level 1 of the Lair of Beasts)
 15486 | Lair:1   | Noticed Fannar
 15503 | Lair:1   | Killed Fannar
 16502 | Lair:2   | Noticed Gastronok
 16522 | Lair:2   | Killed Gastronok
 17064 | Lair:3   | Noticed Nergalle
 17070 | Lair:3   | Noticed Maud
 17076 | Lair:3   | Killed Nergalle
 17076 | Lair:3   | Reached ****** piety under Qazlal
 17076 | Lair:3   | Reached skill level 10 in Invocations
 17086 | Lair:3   | Killed Maud
 17721 | Lair:3   | Gained mutation: You tend to lose your temper in combat. [potion of mutation]
 17721 | Lair:3   | Gained mutation: Your body sometimes deteriorates upon taking damage. [potion of mutation]
 17721 | Lair:3   | Gained mutation: Your skin changes colour to match your surroundings (Stealth). [potion of mutation]
 19072 | Lair:5   | Gained mutation: You are mostly covered in iridescent scales (AC +6). [demonic ancestry]
 19072 | Lair:5   | Reached XP level 15. HP: 90/120 MP: 20/22
 19073 | Lair:5   | Noticed mopl's ghost (journeyman HEEn)
 19076 | Lair:5   | Reached skill level 10 in Maces & Flails
 19085 | Lair:5   | Killed mopl's ghost
 19439 | Lair:5   | Found a staircase to the Shoals.
 19880 | Lair:6   | Found a hole to the Spider Nest.
 20913 | Lair:7   | Noticed Rupert
 20915 | Lair:7   | Paralysed by Rupert for 3 turns
 20958 | Lair:7   | Killed Rupert
 21527 | Lair:8   | Entered Level 8 of the Lair of Beasts
 21562 | Lair:8   | Noticed Kirke
 21679 | Lair:8   | Killed Kirke
 21712 | Lair:8   | Found a staircase to the Slime Pits.
 21917 | Lair:8   | Found a viscous altar of Jiyva.
 22305 | Lair:8   | Gained mutation: Your flesh is heat resistant. [demonic ancestry]
 22305 | Lair:8   | Reached XP level 16. HP: 129/129 MP: 24/24
 23475 | Orc:1    | Entered Level 1 of the Orcish Mines
 23475 | Orc:1    | Found a frozen archway.
 23863 | IceCv    | Entered an ice cave
 24992 | Orc:1    | Found a roughly hewn altar of Beogh.
 25025 | Orc:1    | Found a roughly hewn altar of Beogh.
 25193 | Orc:2    | Entered Level 2 of the Orcish Mines
 25206 | Orc:2    | Noticed Saint Roka
 25239 | Orc:2    | Killed Saint Roka
 25250 | Orc:2    | Paralysed by an orc sorcerer for 4 turns
 25368 | Orc:2    | Found a roughly hewn altar of Beogh.
 25607 | Orc:2    | Found Juojoc's Food Emporium.
 25611 | Orc:2    | Found a staircase to the Elven Halls.
 25734 | Orc:2    | Found Oppirgha's Antique Armour Shop.
 25762 | Orc:2    | Found a radiant altar of Vehumet.
 25775 | Orc:2    | Noticed Erolcha
 25783 | Orc:2    | Killed Erolcha
 25797 | Orc:2    | Paralysed by an orc sorcerer for 5 turns
 25803 | Orc:2    | Paralysed by an orc sorcerer for 7 turns
 25890 | Orc:2    | Found a roughly hewn altar of Beogh.
 25891 | Orc:2    | Found Resimus's Gadget Boutique.
 25941 | Orc:2    | Found an ancient bone altar of Kikubaaqudgha.
 26011 | Orc:2    | Found Ocaon's Magic Scroll Boutique.
 26071 | Orc:2    | Found Moiph's Gadget Boutique.
 26119 | Orc:2    | Bought the +18 shield of the gong {rElec rN+ MR+ EV-5} for 2529 gold pieces
 26177 | Orc:2    | Paralysed by an orc sorcerer for 2 turns
 26502 | Shoals:1 | Entered Level 1 of the Shoals
 27642 | Shoals:2 | Noticed a kraken
 27672 | Shoals:2 | Killed a kraken
 28354 | Shoals:3 | Reached XP level 17. HP: 79/138 MP: 18/26
 28377 | Shoals:3 | HP: 5/138 [water nymph/the raging water (19)]
 28386 | Shoals:3 | Noticed Aizul
 28388 | Shoals:3 | HP: 4/138 [water nymph/the raging water (1)]
 28392 | Shoals:3 | Shot with an arrow by a satyr

Skill      XL: |  1  2  3  4  5  6  7  8  9 10 11 12 13 14 15 16 |
---------------+-------------------------------------------------+-----
Axes           | 2 3 4 5 6 7 8 9 10 11 12 | 12.3
Armour         | 3 4 5 6 7 8 9 10 11 12 | 12.7
Shields        | 3 4 5 6 7 8 9 10 11 12 13 | 13.6
Fighting       | 4 5 6 7 8 9 10 11 12 13 | 13.7
Maces & Flails | 2 4 5 6 7 8 9 10 11 | 11.4
Invocations    | 3 6 9 10 11 13 | 13.3

Action                   |  1- 3 |  4- 6 |  7- 9 | 10-12 | 13-15 | 16-18 || total
-------------------------+-------+-------+-------+-------+-------+-------++-------
Melee: War axe           |    77 |   101 |   130 |       |       |       ||   308
       Flail             |       |       |   225 |   758 |  1535 |   821 ||  3339
       Kick              |       |       |       |   271 |       |       ||   271
       Headbutt          |       |       |       |   202 |   114 |       ||   316
Throw: Tomahawk          |       |       |       |    18 |     2 |    10 ||    30
Invok: Elemental Force   |       |       |       |       |     9 |     8 ||    17
  Use: Scroll            |       |     7 |    11 |    14 |    22 |       ||    54
       Potion            |       |       |       |     3 |    15 |     1 ||    19
 Stab: Distracted        |       |       |       |       |     4 |       ||     4
  Eat: Bread ration      |       |     2 |     2 |     4 |     6 |     5 ||    19
       Chunk             |       |       |     2 |     4 |    16 |       ||    22
       Royal jelly       |       |       |       |       |     3 |       ||     3
       Fruit             |       |       |       |       |     3 |       ||     3
       Beef jerky        |       |       |       |       |     1 |     5 ||     6
       Pizza             |       |       |       |       |       |     4 ||     4
Armor: Scale mail        |    12 |       |       |       |       |       ||    12
       Chain mail        |    30 |    38 |   165 |     4 |       |       ||   237
       Plate armour      |       |       |       |   234 |   658 |   372 ||  1264
Dodge: Dodged            |    17 |    10 |    50 |    32 |   155 |    87 ||   351
       Deflected         |       |       |       |       |     6 |     7 ||    13
Block: Shield            |    41 |    56 |   178 |       |       |   453 ||   728
       Large shield      |       |       |    86 |   859 |  2050 |   845 ||  3840
       Reflection        |       |       |       |    38 |    53 |    45 ||   136
       Other             |       |       |       |       |    17 |       ||    17
